 Dungeon Crawl Stone Soup version 0.18.1-48-g4cf74bf (webtiles) character file.

240 Heedrag the Conjurer (level 5, -2/28 HPs)
             Began as a Deep Elf Conjurer on Aug 7, 2016.
             Killed from afar by an orc wizard (3 damage)
             ... with a puff of flame
             ... on level 3 of the Dungeon.
             The game lasted 00:04:37 (1826 turns).

Heedrag the Conjurer (Deep Elf Conjurer)            Turns: 1826, Time: 00:04:39

Health: -2/28      AC:  4    Str:  6    XL:     5   Next: 80%
Magic:  2/14       EV: 13    Int: 20    God:
Gold:   116        SH:  0    Dex: 15    Spells: 4 memorised, 1 level left

rFire  . . .     SeeInvis .     u - +4 quarterstaff (chaos)
rCold  . . .     Gourm    .     a - +0 robe
rNeg   . . .     Faith    .     (shield currently unavailable)
rPois  .         Spirit   .     (no helmet)
rElec  .         Dismiss  .     v - +0 cloak
rCorr  .         Reflect  .     n - +0 pair of gloves
SustAt .         Harm     .     (no boots)
MR     .....                    (no amulet)
Stlth  ++........               (no ring)
                                (no ring)

@: very slightly contaminated, not resistant to hostile enchantments, unstealthy
A: no striking features
a: no special abilities


You were on level 3 of the Dungeon.
You were not hungry.

You visited 1 branch of the dungeon, and saw 3 of its levels.

You collected 116 gold pieces.

Inventory:

Hand Weapons
 d - a +0 mace of crushing
 u - a +4 quarterstaff of chaos (weapon)
Armour
 a - a +0 robe (worn)
 n - a +0 pair of gloves (worn)
 r - a +0 shield
 v - a +0 cloak (worn)
Scrolls
 e - a scroll of random uselessness {unknown}
 h - 3 scrolls of fear {unknown}
 k - a scroll of teleportation {unknown}
 p - a scroll of amnesia {unknown}
 q - a scroll of recharging {unknown}
 s - a scroll of enchant weapon {unknown}
 t - a scroll of remove curse {unknown}
Potions
 f - 6 potions of curing {unknown}
 i - a potion of heal wounds {unknown}
 j - a potion of mutation {unknown}
 m - a potion of lignification {unknown}
 w - a potion of degeneration {unknown}
Books
 b - a book of Conjurations

   Spells                             Type                      Level
   a - Magic Dart                     Conjuration                  1
   b - Searing Ray                    Conjuration                  2
   c - Dazzling Spray                 Conjuration/Hexes            3
   d - Fulminant Prism                Conjuration/Hexes            4
   e - Iskenderun's Mystic Blast      Conjuration                  4
   f - Iskenderun's Battlesphere      Conjuration/Charms           5
Comestibles
 c - 2 bread rations
 g - 2 chunks of flesh
 l - a beef jerky
 o - a meat ration


   Skills:
 - Level 2.4 Dodging
 - Level 2.4 Stealth
 + Level 5.3 Spellcasting
 * Level 6.7 Conjurations
 + Level 1.1 Charms


You had one spell level left.
You knew the following spells:

 Your Spells              Type           Power        Failure   Level  Hunger
a - Magic Dart            Conj           ####         1%          1    None
b - Dazzling Spray        Conj/Hex       ###...       10%         3    ##.....
c - Iskenderun's Mystic   Conj           ####....     10%         4    ####...
d - Iskenderun's Battles  Conj/Chrm      ###.....     71%         5    #####..


Dungeon Overview and Level Annotations

Branches:
Dungeon (3/15)

Altars:
Dithmenos


Message History

Tha kobold barely misses ye.
Tha adder bites ye but does nay damage.
Ye barely miss tha adder.
Tha adder be severely wounded.
Tha hobgoblin hits ye.
* * * LOW HITPOINT WARNIN'
* * * Tha kobold closely misses ye.
Tha adder bites ye but does nay damage.
Tha kobold hits ye but does nay damage.
Tha hobgoblin hits ye but does nay damage.
Ye miss tha adder.
Tha adder be severely wounded.
Tha adder misses ye.
Tha hobgoblin hits ye but does nay damage.
Tha kobold closely misses ye.
Tha adder closely misses ye.
Ye hit tha adder.
Ye kill tha adder!
Tha kobold hits ye but does nay damage.
Tha hobgoblin hits ye.
* * * LOW HITPOINT WARNIN'
* * * Tha orc wizard points at ye an' mumbles some strange words.
Tha puff o' flame hits ye!
Ye die...

#.#########+##? #######
#.##........... #.....#
#.##........... #.....#
#.##........?.. #.....#
#.##...........
#.....#####.##..g........
#..>...........@o(......)
#...............K.....)..
#....)#####.#####.###.#.#
#.....# #.# #.# # #.....#
#.# #.. #.....# #.# ##.#
#...((# #.. .. ###(###
### ... #.# ...


You could see an orc wizard, a hobgoblin and a kobold.

Vanquished Creatures
  The ghost of Heedrag the Conjurer, an amateur DECj (D:3)
  An orc priest (D:3)
  Crazy Yiuf (D:3)
  4 adders
  An ooze (D:2)
  3 worms (D:2)
  A dart slug (D:1)
  3 giant geckos
  7 orcs (D:3)
  2 giant cockroaches
  9 goblins
  5 hobgoblins
  A quokka (D:2)
  8 bats
  3 giant newts
  6 kobolds
  6 rats
62 creatures vanquished.

Notes
Turn   | Place    | Note
--------------------------------------------------------------
     0 | D:1      | Heedrag the Deep Elf Conjurer began the quest for the Orb.
     0 | D:1      | Reached XP level 1. HP: 10/10 MP: 6/6
   148 | D:1      | Reached XP level 2. HP: 15/15 MP: 5/8
   316 | D:1      | Reached skill level 5 in Conjurations
   620 | D:2      | Reached XP level 3. HP: 19/19 MP: 6/10
   896 | D:2      | Learned a level 3 spell: Dazzling Spray
  1127 | D:2      | Reached XP level 4. HP: 24/24 MP: 10/12
  1263 | D:2      | Learned a level 4 spell: Iskenderun's Mystic Blast
  1329 | D:3      | Noticed Heedrag's ghost (amateur DECj)
  1339 | D:3      | Killed Heedrag's ghost
  1339 | D:3      | Reached skill level 5 in Spellcasting
  1339 | D:3      | Reached skill level 6 in Conjurations
  1339 | D:3      | Reached XP level 5. HP: 14/28 MP: 3/14
  1423 | D:3      | Learned a level 5 spell: Iskenderun's Battlesphere
  1584 | D:3      | Found a shadowy altar of Dithmenos.
  1605 | D:3      | Noticed Crazy Yiuf
  1611 | D:3      | Killed Crazy Yiuf
  1611 | D:3      | Reached skill level 1 in Charms
  1826 | D:3      | HP: 1/28 [hobgoblin (1)]
  1826 | D:3      | Killed from afar by an orc wizard

Skill      XL: |  1  2  3  4  5 |
---------------+----------------+-----
Conjurations   | 5 6 |  6.7
Spellcasting   | 4 5 |  5.3
Charms         | 1 |  1.1
Dodging        | |  2.4
Stealth        | |  2.4

Action                   |  1- 3 |  4- 6 || total
-------------------------+-------+-------++-------
Melee: Mace              |     2 |     3 ||     5
       Quarterstaff      |       |    12 ||    12
 Cast: Magic Dart        |    76 |    50 ||   126
  Eat: Chunk             |       |     3 ||     3
Armor: Robe              |       |    10 ||    10
Dodge: Dodged            |     1 |    26 ||    27
